 Dungeon Crawl Stone Soup version 0.24.1-14-gf8d2b509d9 (webtiles) character file.

Game seed: 9899516953492717124, levelgen mode: deterministic

798 Hugehornet the Covert (level 7, -1/67 HPs)
             Began as an Octopode Assassin on May 19, 2020.
             Was an Initiate of Gozag.
             Splashed by a jelly's acid (6 damage)
             ... on level 5 of the Dungeon.
             The game lasted 00:11:09 (5399 turns).

Hugehornet the Covert (Octopode Assassin)           Turns: 5399, Time: 00:11:12

Health: -1/67      AC: -4    Str: 10    XL:     7   Next: 90%
Magic:  16/16      EV:  2    Int: 15    God:    Gozag
Gold:   490        SH:  0    Dex: 14    Spells: 6/6 levels left

rFire    . . .     SeeInvis .   j - +2 dagger (speed)
rCold    . . .     Gourm    .   (no shield)
rNeg     + + +     Faith    .   (helmet currently unavailable)
rPois    +         Spirit   .   (no amulet)
rElec    .         Reflect  .   g - ring of magical power
rCorr    .         Harm     .   (no ring)
MR       .....     NoTele   +   (no ring)
Stlth    +++++.....             (no ring)
HPRegen  0.21/turn              (no ring)
MPRegen  0.15/turn              (no ring)
                                (no ring)
                                (no ring)

@: tree-form, corroded
A: almost no armour, stealthy swim, (amphibious), 8 rings, (constrict 8)
a: Potion Petition, Call Merchant, Bribe Branch, Renounce Religion


You were on level 5 of the Dungeon.
You worshipped Gozag.
Gozag was aware of your devotion.
You were not hungry.
You were a tree.
You visited 1 branch of the dungeon, and saw 5 of its levels.
You also visited: Ossuary.

You collected 548 gold pieces.
You paid 58 gold pieces to Gozag.

Inventory:

Hand Weapons
 h - a +3 short sword of venom
 j - a +2 dagger of speed (weapon)
 n - a +3 dagger
Missiles
 b - 18 poisoned darts (quivered)
 c - 2 curare-tipped darts
Armour
 a - a +0 large shield
Jewellery
 g - a ring of magical power (left branch)
Wands
 o - a wand of random effects (14)
 q - a wand of flame (14)
 v - a wand of scattershot (3)
 C - a wand of digging (4)
Scrolls
 e - 3 scrolls of teleportation
 m - 3 scrolls of amnesia
 t - a scroll of fog {unknown}
 w - 2 scrolls of remove curse
 y - a scroll of blinking {unknown}
 A - a scroll of enchant armour {unknown}
 B - 2 scrolls of immolation {unknown}
Potions
 f - 2 potions of magic
 i - a potion of resistance
 k - 3 potions of invisibility
 l - 2 potions of agility
 p - a potion of flight
 r - a potion of heal wounds
 s - a potion of cancellation {unknown}
 u - 4 potions of might
 x - 2 potions of ambrosia {unknown}
 z - a potion of lignification
Comestibles
 d - 3 rations


   Skills:
 - Level 2.0 Fighting
 + Level 5.2 Short Blades
 - Level 2.0 Throwing
 - Level 1.0 Dodging
 * Level 11.1 Stealth


You had 6 spell levels left.
You didn't know any spells.
Your spell library was empty.

Dungeon Overview and Level Annotations

Branches:
Dungeon (5/15)            Ossuary (visited)
 Temple: D:4-7

Altars:
Ashenzari
Cheibriados
Dithmenos
Gozag
Hepliaklqana
Kikubaaqudgha
Sif Muna
Trog
Uskayaw

Shops:
D:4 *


Innate Abilities, Weirdness & Mutations

You cannot wear most types of armour.
You are very stealthy in the water. (Stealth+)
((You are amphibious.))
You can wear up to eight rings at the same time.
((You can use your tentacles to constrict eight enemies at once.))
((Your skin changes colour to match your surroundings (Stealth+).))
((Your rubbery body absorbs attacks. (AC +1, EV +1)))


Message History

You hit the jelly but do no damage.
Your branches burn!
The jelly is almost dead.
You hit the jelly but do no damage. The acid corrodes you!
Your branches burn!
* * * LOW HITPOINT WARNING * * *
The jelly is almost dead.
The jelly hits you.
* * * LOW HITPOINT WARNING * * *
The acid corrodes you!
You are splashed with acid.
* * * LOW HITPOINT WARNING * * *
You hit the jelly but do no damage. The acid corrodes you!
Your branches burn!
* * * LOW HITPOINT WARNING * * *
The jelly is almost dead.
You hit the jelly.
Your branches burn!
* * * LOW HITPOINT WARNING * * *
The jelly is almost dead.
The jelly hits you.
* * * LOW HITPOINT WARNING * * *
The acid corrodes you!
You are splashed with acid.
You die...
Your body crumbles into a pile of gold.

####..8.8.8......
#................ ##
#........##...... ..#+#####
#........##...... #......#
#........##.###.. #......#
#........##.###.# #.#......#
#........##......
.........###........######.#
#.####.#.ZJ♣.....#### #.....
...########### #.##.# .....
#.##.# #..##.. ### #.##.# #.
... ..# #.##.# # ##..
#.###.##.# #.. #.#.......
#.######.# #.#...##.#


You could see a jelly and a worker ant zombie.

Vanquished Creatures
  Sigmund (D:2)
  A wraith (Ossuary)
  4 hounds (D:4)
  An orc priest (D:2)
  A worker ant (D:4)
  Terence (D:2)
  Ijyb (D:3)
  3 orc wizards
  A hound skeleton (D:4)
  A mummy (Ossuary)
  5 adders
  4 worms
  3 dart slugs
  4 leopard geckos
  12 orcs
  2 bat zombies (D:4)
  2 giant cockroaches
  6 hobgoblins
  6 jackals
  3 kobolds
  2 quokkas (D:3)
  A ball python (D:4)
  5 bats
  2 frilled lizards
  4 gnoll skeletons (Ossuary)
  5 goblins
  8 kobold skeletons (Ossuary)
  A leopard gecko skeleton (D:5)
  13 orc skeletons (Ossuary)
  5 rats
108 creatures vanquished.

Vanquished Creatures (others)
  An adder (D:3)
1 creature vanquished.

Grand Total: 109 creatures vanquished

Notes
Turn   | Place    | Note
-------+----------+-------------------------------------------
     0 | D:1      | Hugehornet the Octopode Assassin began the quest for the
                  | Orb.
     0 | D:1      | Reached XP level 1. HP: 14/14 MP: 1/1
   289 | D:1      | Reached XP level 2. HP: 19/19 MP: 2/2
   417 | D:1      | Reached skill level 6 in Stealth
  1074 | D:2      | Noticed Sigmund
  1078 | D:2      | Reached XP level 3. HP: 24/24 MP: 3/3
  1108 | D:3      | Found a bloodstained altar of Trog.
  1620 | D:2      | Reached skill level 7 in Stealth
  1620 | D:2      | Reached XP level 4. HP: 20/29 MP: 4/4
  1662 | D:2      | Killed Sigmund
  1662 | D:2      | Reached skill level 8 in Stealth
  1662 | D:2      | Reached XP level 5. HP: 22/34 MP: 5/5
  1662 | D:2      | Reached XP level 6. HP: 25/39 MP: 6/6
  1817 | D:2      | Noticed Terence
  1826 | D:2      | Killed Terence
  1826 | D:2      | Reached skill level 9 in Stealth
  2699 | D:3      | Noticed Ijyb
  2712 | D:3      | Killed Ijyb
  3019 | D:3      | Found a shattered altar of Ashenzari.
  3458 | D:4      | Found Gozag's Platinum Reserve.
  3458 | D:4      | Found an opulent altar of Gozag.
  3464 | D:4      | Became a worshipper of Gozag Ym Sagoz the Greedy
  3484 | D:4      | Found a shimmering blue altar of Sif Muna.
  3568 | D:4      | Found a sand-covered staircase.
  3571 | Ossuary  | Entered an ossuary
  3571 | Ossuary  | Noticed a wraith
  3571 | Ossuary  | Noticed a wraith
  3571 | Ossuary  | Noticed a wraith
  3899 | Ossuary  | Noticed a wraith
  4054 | Ossuary  | Killed a wraith
  4054 | Ossuary  | Reached skill level 10 in Stealth
  4054 | Ossuary  | Reached XP level 7. HP: 32/45 MP: 7/7
  4224 | D:4      | Found a hazy altar of Hepliaklqana.
  4226 | D:4      | Found a shadowy altar of Dithmenos.
  4410 | D:4      | Found a snail-covered altar of Cheibriados.
  4486 | D:4      | Reached skill level 5 in Short Blades
  4887 | D:4      | Found an ancient bone altar of Kikubaaqudgha.
  5170 | D:5      | Entered Level 5 of the Dungeon
  5179 | D:5      | Reached skill level 11 in Stealth
  5317 | D:5      | Found a hide-covered altar of Uskayaw.
  5382 | D:5      | HP: 1/45 [acid (4)]
  5399 | D:5      | Splashed by a jelly's acid

Levels and vault maps discovered:
D:1:      minmay_arrival_arboretum_small, layout_loops_ring,
          minmay_misc_feat_encased, minmay_box_of_dots
D:2:      layout_loops_ring, uniq_terence, uniq_sigmund
D:3:      layout_basic, overflow_temple_1_default,
          nicolae_overflow_crystal_walls, uniq_ijyb
D:4:      layout_cave_pools, kennysheep_slug_shrine, lemuel_crystal_altar,
          lemuel_zombie_altar_kikubaaqudgha, nicolae_overflow_hidden_temple,
          serial_bayou, serial_bayou_shore_b, serial_bayou_lake_a,
          serial_bayou_shore_a, serial_bayou_pond_d,
          lightli_ossuary_entry_decrepit_ruins, first_ration,
          nicolae_gozag_zags_fifth_avenue
D:5:      layout_basic, eat_drink_and_be_merry_uskayaw, lemuel_doored_altar,
          ebering_ghost_rock_garden

Skill      XL: |  1  2  3  4  5  6  7 |
---------------+----------------------+-----
Stealth        | 6 7 8 10 11 | 11.1
Short Blades   | 3 4 5 |  5.2
Fighting       | |  2.0
Throwing       | |  2.0
Dodging        | |  1.0

Action                   |  1- 3 |  4- 6 |  7- 9 || total
-------------------------+-------+-------+-------++-------
Melee: Dagger            |    56 |   106 |   102 ||   264
       Constrict         |    13 |    36 |    18 ||    67
       Tentacles         |     8 |    26 |    16 ||    50
       Short sword       |     3 |    19 |     3 ||    25
  Use: Scroll            |       |     9 |     4 ||    13
       Potion            |       |     2 |     3 ||     5
 Stab: Sleeping          |    11 |    11 |     5 ||    27
       Distracted        |       |       |     1 ||     1
  Eat: Chunk             |     1 |     6 |       ||     7
       Ration            |       |     1 |     1 ||     2
Armor: Skin              |     3 |     2 |     6 ||    11
Dodge: Dodged            |    25 |    46 |    47 ||   118
